Map: Habitation Station LE (Void)

Players

Fropez - Winner!

  • Race: Protoss Protoss
  • League: Gold
  • Spawn Location: 11:00

profile

  • Race: Terran Terran
  • League: Silver
  • Spawn Location: 1:00

VOD

Have the link to the VOD?

Description

Time

  • Played on: Jan. 4, 2017, 9:45 p.m.
  • Length: 11:31
Show
View Real Time Build Order
Export as new Build Order

Fropez Protoss - Winner!

Build Orders: 1 Gate Expand 

Get SALT Encoding   

  12  0:01  Probe (Chrono Boost)  
  13  0:11  Probe (Chrono Boost)  
  14  0:23  Probe (Chrono Boost)  
  14  0:24  Pylon  
  15  0:42  Probe (Chrono Boost)  
  16  0:51  Gateway  
  16  0:53  Probe (Chrono Boost)  
  17  1:00  Assimilator  
  17  1:13  Probe (Chrono Boost)  
  18  1:26  Nexus  
  18  1:27  Probe (Chrono Boost)  
  19  1:37  Probe (Chrono Boost)  
  20  1:48  Probe (Chrono Boost)  
  21  1:58  Pylon, Probe (Chrono Boost), Assimilator  
  22  2:04  Pylon  
  22  2:12  Probe (Chrono Boost)  
  24  2:23  Probe (Chrono Boost)  
  24  2:24  Cybernetics Core  
  23  2:33  Probe (Chrono Boost)  
  24  2:40  Probe (Chrono Boost)  
  24  2:44  Probe (Chrono Boost)  
  26  2:47  Gateway  
  26  2:51  Probe (Chrono Boost)  
  27  2:54  Probe (Chrono Boost)  
  27  2:55  Assimilator  
  28  2:59  Gateway  
  28  3:02  Pylon  
  28  3:05  Probe (Chrono Boost), Mothership Core (Chrono Boost)  
  31  3:10  Adept  
  33  3:23  Warp Gate  
  33  3:29  Probe x2 (Chrono Boost)  
  35  3:37  Adept  
  35  3:39  Adept  
  39  3:42  Pylon  
  39  3:49  Twilight Council  
  39  3:52  Probe (Chrono Boost)  
  39  3:53  Probe (Chrono Boost)  
  39  3:55  Adept, Pylon  
  43  4:03  Probe (Chrono Boost)  
  44  4:11  Resonating Glaives  
  44  4:14  Adept  
  44  4:16  Adept  
  48  4:19  Probe x2 (Chrono Boost)  
  48  4:22  Adept  
  52  4:31  Pylon  
  52  4:41  Probe (Chrono Boost)  
  52  4:44  Adept  
  57  5:00  Pylon, Probe x2 (Chrono Boost)  
  57  5:03  Pylon  
  57  5:10  Assimilator  
  57  5:12  Probe x2 (Chrono Boost)  
  59  5:26  Adept x3  
  65  5:34  Probe x2 (Chrono Boost)  
  65  5:35  Gateway  
  67  5:36  Pylon  
  67  5:52  Adept x3  
  73  5:57  Pylon  
  75  6:04  Probe x2 (Chrono Boost)  
  75  6:05  Forge  
  75  6:09  Forge  
  71  6:11  Pylon  
  71  6:12  Pylon  
  71  6:15  Stalker  
  73  6:18  Stalker  
  73  6:25  Nexus  
  74  6:33  Pylon  
  74  6:39  Adept x2, Protoss Ground Weapons Level 1, Protoss Ground Armor Level 1  
  78  6:43  Pylon  
  78  6:53  Stalker x2  
  82  7:00  Stalker x2  
  86  7:01  Photon Cannon  
  83  7:28  Stalker x4  
  91  7:34  Probe x2 (Chrono Boost)  
  87  7:46  Probe (Chrono Boost)  
  78  8:13  Adept x2  
  78  8:14  Adept x2  
  80  8:25  Pylon  
  70  8:28  Pylon  
  70  8:31  Pylon  
  70  8:32  Pylon  
  62  8:36  Nexus, Assimilator  
  62  8:38  Assimilator  
  62  8:40  Assimilator  
  62  8:42  Gateway  
  62  8:43  Probe (Chrono Boost)  
  62  8:44  Assimilator  
  62  8:45  Gateway  
  62  8:46  Pylon, Gateway  
  62  8:47  Protoss Ground Armor Level 2  
  63  8:50  Stalker x3  
  69  8:57  Protoss Ground Weapons Level 2  
  71  9:05  Mothership Core (Chrono Boost)  
  71  9:17  Adept x3  
  71  9:18  Adept  
  79  9:25  Blink  
  79  9:37  Pylon  
  79  9:40  Pylon  
  79  9:46  Stalker  
  79  9:47  Stalker x4  
  89  10:12  Stalker x2  
  89  10:13  Stalker x4  
  89  10:14  Stalker  
  103  10:30  Probe x2 (Chrono Boost)  
  103  10:31  Probe x2 (Chrono Boost)  
  103  10:35  Pylon  
  89  11:20  Probe x2 (Chrono Boost)  
Show
View Real Time Build Order
Export as new Build Order

profile Terran 

Build Orders: Mech 

Get SALT Encoding   

  12  0:01  SCV  
  13  0:13  SCV  
  14  0:24  Supply Depot  
  14  0:25  SCV  
  15  0:29  Refinery  
  15  0:45  SCV  
  15  0:47  Barracks  
  16  0:57  SCV  
  17  1:09  SCV  
  18  1:21  SCV  
  19  1:33  SCV  
  19  1:37  Supply Depot  
  20  1:56  Marine  
  21  2:05  SCV  
  22  2:17  SCV  
  23  2:31  Barracks  
  23  2:34  Barracks Tech Lab, Barracks  
  23  2:39  Factory  
  23  2:41  Orbital Command, Refinery  
  23  2:54  Factory  
  23  3:02  Combat Shields  
  23  3:03  Marine  
  24  3:18  SCV  
  25  3:21  Marine  
  26  3:29  Hellion  
  26  3:30  SCV  
  26  3:32  Supply Depot  
  29  3:39  Marine  
  30  3:43  Starport  
  30  3:51  Supply Depot  
  30  3:53  SCV, Hellion x2  
  35  3:57  Marine  
  36  4:03  Barracks Reactor  
  36  4:05  SCV  
  37  4:15  Marine, Hellion  
  40  4:29  Factory  
  40  4:32  Medivac  
  40  4:37  Supply Depot  
  42  4:46  Marauder  
  42  4:48  Marine x2  
  46  4:56  Factory Tech Lab  
  46  4:59  Factory Tech Lab  
  46  5:06  Marine x2, Medivac  
  50  5:12  Command Center  
  50  5:22  Hellion  
  50  5:23  Marine  
  50  5:24  Marine  
  54  5:39  Supply Depot  
  54  6:00  Medivac  
  56  6:46  Starport  
  56  6:50  Barracks  
  56  7:30  Marine  
  56  7:31  Marine x2  
  56  7:34  Siege Tank  
  56  7:35  Siege Tank  
  64  7:48  Marine x2  
  64  7:49  Marine  
  55  8:06  Siege Tank, Marine x3  
  55  8:07  Siege Tank  
  55  8:10  SCV  
  55  8:12  Marine  
  44  8:24  Marine x3  
  45  8:30  Marine  
  43  8:42  Marine x2  
  43  8:46  Medivac  
  43  8:47  Medivac  
  49  8:49  SCV  
  50  9:00  SCV  
  50  9:01  SCV  
  52  9:12  SCV  
  52  9:13  SCV  
  54  9:24  SCV  
  54  9:25  SCV  
  54  9:27  Marine x2  
  54  9:28  Marine x2  
  60  9:36  SCV  
  60  9:37  SCV  
  62  9:45  Marine x3  
  63  9:48  SCV  
  63  9:49  Supply Depot  
  60  10:00  SCV  
  61  10:09  Hellion x2  
  61  10:12  Marine x4  
  61  10:13  SCV  
  62  10:30  Marine x3  
  62  10:31  Hellion x2  
  57  10:35  SCV  
  55  10:47  Supply Depot  
  55  10:48  SCV  
  56  11:00  SCV  
  46  11:12  SCV  
Tags
 
Composition
Mech
Matchup
PvT
Replay Pack
All Mines
Spawn Locations
Close Positions
Add a new tag
Caveats
  • Supply blocks, unpowered buildings, or Contaminate may cause inaccurate times.
  • Supply counts are checked every 10 seconds.